AoeStats
← gjorajkb

Arena

504262025Analyzed
3v3 RM · 28d ago on Sep 4, 2026· 57m 16s· 6 players
Game mode
Random Map
Map size
Normal (6 player)
Population
200
Speed
Normal
Resources
Standard
Victory
Conquest
Starting age
Dark Age
Ending age
Imperial Age
RankedLock teamsTeams togetherTeam positionsShared explorationLock speedFull tech treeHidden civsTurbo modeCheats
Victory
Defeat
🇭🇺 Goths · Hungary
1146
+10
🇪🇸 Bohemians · Spain
1027
+15
🇭🇺 Vietnamese · Hungary
839
+23
🇨🇳 Bohemians · China
1046
-18
🇨🇳 Malay · China
1018
-17
🇨🇳 Franks · China
935
-23
nokedliporkolttel
10:53 Loom
12:39 Feudal Age
18:10 Castle Age
20:44 Double-Bit Axe
20:41 Horse Collar
20:54 Gold Mining
24:04 Stone Mining
24:44 Bow Saw
27:00 Wheelbarrow
27:04 Fletching
26:45 Pikeman
28:03 Heavy Plow
29:21 Hand Cart
30:15 Bodkin Arrow
30:19 Town Watch
34:41 Imperial Age
32:46 Ballistics
33:17 Fortified Wall
32:57 Elite Skirmisher
34:03 Thumb Ring
35:10 Imperial Skirmisher
35:54 Bracer
36:01 Padded Archer Armor
38:19 Chemistry
39:48 Two-Man Saw
39:54 Stone Shaft Mining
40:45 Murder Holes
43:21 Halberdier
44:03 Squires
43:48 Arson
44:30 Padded Archer Armor
44:41 Forging
44:31 Scale Mail Armor
44:37 Town Patrol
45:57 Caravan
52:03 Paper Money
52:16 Sappers
Strike90
7:27 Loom
10:32 Feudal Age
11:41 Double-Bit Axe
11:38 Horse Collar
17:02 Castle Age
17:07 Wheelbarrow
20:17 Chemistry
20:06 Bow Saw
21:38 Heavy Plow
22:29 Hand Cart
33:26 Wagenburg Tactics
39:52 Town Watch
44:09 Imperial Age
41:53 Elite Skirmisher
43:14 Fletching
43:24 Padded Archer Armor
45:04 Houfnice
45:15 Imperial Skirmisher
49:13 Two-Man Saw
50:36 Ballistics
50:28 Siege Engineers
52:44 Bodkin Arrow
53:29 Pikeman
54:09 Squires
55:06 Bracer
55:21 Leather Archer Armor
55:43 Masonry
55:51 Halberdier
gjorajkb
11:06 Feudal Age
15:53 Castle Age
13:48 Horse Collar
15:51 Double-Bit Axe
17:37 Heavy Plow
17:51 Bow Saw
17:34 Gold Mining
18:33 Wheelbarrow
23:52 Hand Cart
29:56 Imperial Age
28:28 Stone Mining
29:06 Scale Mail Armor
29:17 Forging
30:29 Chain Mail Armor
30:41 Anarchy
31:40 Iron Casting
32:25 Two-Man Saw
32:13 Crop Rotation
32:09 Perfusion
33:26 Squires
34:32 Blast Furnace
34:37 Elite Huskarl
37:56 Conscription
38:38 Pikeman
39:27 Halberdier
43:52 Man-at-Arms
44:19 Long Swordsman
44:38 Two-Handed Swordsman
45:11 Champion
48:17 Chemistry
49:47 Murder Holes
49:49 Fletching
xxltp101
12:27 Feudal Age
12:54 Double-Bit Axe
12:51 Horse Collar
15:38 Castle Age
17:40 Bow Saw
19:15 Gold Mining
21:10 Squires
21:43 Loom
23:41 Forging
30:20 Wheelbarrow
30:56 Fletching
31:39 Hand Cart
31:10 Town Watch
31:23 Crossbowman
32:08 Thumb Ring
31:49 Crossbowman
32:36 Thumb Ring
33:39 Heavy Plow
36:13 Imperial Age
35:19 Gold Shaft Mining
34:42 Bodkin Arrow
34:48 Padded Archer Armor
35:23 Arbalester
36:08 Thumb Ring
36:40 Bracer
37:07 Conscription
38:03 Chemistry
37:47 Thumb Ring
38:19 Leather Archer Armor
38:52 Ballistics
38:18 Pikeman
38:52 Man-at-Arms
39:35 Forced Levy
41:07 Long Swordsman
42:37 Iron Casting
42:22 Two-Handed Swordsman
43:40 Arson
43:51 Stone Mining
46:03 Blast Furnace
小青柠
10:26 Feudal Age
14:39 Castle Age
12:57 Double-Bit Axe
13:28 Horse Collar
15:50 Bow Saw
20:56 Heavy Plow
21:25 Loom
22:20 Wheelbarrow
28:11 Imperial Age
27:15 Pikeman
27:55 Squires
28:00 Scale Mail Armor
28:10 Forging
29:32 Chemistry
29:25 Conscription
29:13 Wagenburg Tactics
28:46 Halberdier
29:12 Arson
30:16 Hand Cart
38:49 Houfnice
49:57 Hussite Reforms
51:28 Two-Man Saw
50:40 Devotion
51:07 Illumination
51:01 Block Printing
51:11 Sanctity
51:46 Faith
51:35 Atonement
51:54 Redemption
52:29 Fervor
53:13 Theocracy
Great after 40mins
10:06 Feudal Age
12:23 Double-Bit Axe
17:43 Castle Age
16:30 Gold Mining
17:34 Stone Mining
19:17 Bow Saw
21:05 Loom
27:26 Imperial Age
26:29 Wheelbarrow
26:12 Fervor
26:50 Gold Shaft Mining
27:17 Town Watch
28:22 Fortified Wall
28:19 Scale Barding Armor
28:28 Forging
29:20 Chain Barding Armor
28:31 Cavalier
30:44 Hand Cart
30:51 Husbandry
31:31 Paladin
32:56 Iron Casting
34:09 Conscription
35:23 Town Patrol
36:18 Ballistics
36:12 Murder Holes
36:55 Plate Barding Armor
37:20 Blast Furnace
37:44 Pikeman
38:24 Squires
39:45 Sanctity
39:21 Herbal Medicine
39:42 Block Printing
40:29 Chemistry
41:58 Elite Throwing Axeman
44:17 Padded Archer Armor
44:07 Fletching
44:48 Caravan
45:45 Leather Archer Armor
45:26 Bodkin Arrow
47:09 #83
46:49 Chivalry
51:00 Scale Mail Armor
51:49 Elite Skirmisher
54:41 Chain Mail Armor
54:37 Siege Engineers
54:52 Halberdier
Connection lost

Rejoining the realm…

Still unreachable

The connection could not be restored.

Session expired

The server has moved on; the page needs a fresh start.